 Dungeon Crawl Stone Soup version 0.27-a0-1105-g946c659c87 (webtiles) character file.

Game seed: 16861548958573843105

322 siradein the Cutter (level 6, -9/44 HPs)
             Began as a Vampire Brigand on Apr 30, 2021.
             Mangled by Terence
             ... wielding a +0 flail
              (11 damage)
             ... on level 2 of the Dungeon.
             The game lasted 00:06:13 (1786 turns).

siradein the Cutter (Vampire Brigand)               Turns: 1786, Time: 00:06:14

Health: -9/44      AC:  3    Str: 10    XL:     6   Next: 22%
Magic:  6/6        EV: 12    Int: 13    God:
Gold:   90         SH:  0    Dex: 18    Spells: 5/5 levels left

rFire    . . .     SeeInvis +   a - +2 dagger
rCold    . . .     Faith    .   (no shield)
rNeg     . . .     Spirit   .   b - +0 robe
rPois    .         Reflect  .   (no helmet)
rElec    .         Harm     .   c - +0 cloak
rCorr    .         Rampage  .   (no gloves)
Will     .....                  (no boots)
Stlth    +++.......             (no amulet)
HPRegen  0.34/turn              (no ring)
MPRegen  0.10/turn              (no ring)

@: healing quickly
A: alive, fangs 3, see invisible, unbreathing 1, vampiric 2
a: Exsanguinate


You were on level 2 of the Dungeon.
You visited 1 branch of the dungeon, and saw 3 of its levels.

You collected 90 gold pieces.

Inventory:

Hand Weapons
 a - a +2 dagger (weapon)
Missiles
 e - 2 curare-tipped darts
 f - 47 stones (quivered)
 k - 10 datura-tipped darts
 q - 7 poisoned darts
Armour
 b - a +0 robe (worn)
 c - a +0 cloak (worn)
Wands
 d - a wand of digging (1)
Scrolls
 g - a scroll of enchant armour {unknown}
 h - a scroll of fear {unknown}
 j - a scroll of brand weapon {unknown}
 l - a scroll of identify {unknown}
 o - a scroll of blinking {unknown}
 r - a scroll of teleportation {unknown}
Potions
 i - a potion of brilliance {unknown}
 m - 2 potions of berserk rage {unknown}
 n - 3 potions of flight {unknown}
 p - a potion of haste


   Skills:
 - Level 1.7 Fighting
 + Level 7.3 Short Blades
 - Level 1.5 Throwing
 - Level 1.1 Dodging
 - Level 5.8 Stealth


You had 5 spell levels left.
You didn't know any spells.
Your spell library was empty.

Dungeon Overview and Level Annotations

Branches:
Dungeon (3/15)

Altars:

Shops:
D:1 !

Annotations:
D:2 Terence


Innate Abilities, Weirdness & Mutations

Your natural rate of healing is accelerated.
You have razor-sharp teeth.
You have supernaturally acute eyesight. (SInv)
You can survive without breathing.
You are afflicted with vampirism and can become a bat while bloodless.


Message History

Throw: 50 stones
Press: ? - help, Q - select action, (/) - cycle Shift-Dir - straight line, f - Terence
Aim: Terence, wielding a +0 flail and wearing a +0 scale mail (fast, 64% to hit)
You throw a stone. The stone closely misses Terence.
Throw: 49 stones
Press: ? - help, Q - select action, (/) - cycle Shift-Dir - straight line, f/p - Terence
Aim: Terence, wielding a +0 flail and wearing a +0 scale mail (fast, 64% to hit)
You throw a stone.
The stone hits Terence but does no damage.
Throw: 48 stones
Press: ? - help, Q - select action, (/) - cycle Shift-Dir - straight line, f/p - Terence
Aim: Terence, wielding a +0 flail and wearing a +0 scale mail (fast, 64% to hit)
You throw a stone.
The stone hits Terence but does no damage.
Terence closely misses you.
You hit Terence but do no damage. You hit Terence but do no damage.
Terence hits you with a +0 flail. Terence completely misses you.
You hit Terence but do no damage. Terence hits you with a +0 flail!
You hit Terence but do no damage. You bite Terence, but do no damage.
Terence hits you with a +0 flail! Terence hits you with a +0 flail.
Found a white potion.
Terence closely misses you. Terence hits you with a +0 flail.
Terence shouts, "Now you die!" Terence closely misses you.
Terence shouts, "Now you die!" Terence closely misses you.
Terence hits you with a +0 flail!
* * * LOW HITPOINT WARNING * * *
There is a stone staircase leading up here.
Terence hits you with a +0 flail!
* * * LOW HITPOINT WARNING * * *
Terence hits you with a +0 flail.
* * * LOW HITPOINT WARNING * * *
You climb upwards.
There is a stone staircase leading down here.
Terence hits you with a +0 flail!
You die...

##......## ##........##
#..........# #### #..........#
...## #..........# ### ....##
#..<.......# #.. .....#
#..........# ######.# .....#
##........#####...†..# .....#
##...@..........###### .....#
#.....@....####....... .....#
#......>...# ######## .....#
#..........###### #
.....#######...............# #
.......................##.#######
..........###........###..###....
...[......####...............†##.
....#.#.#..........#####.#####...


You could see Terence (fast).

Vanquished Creatures
  Sigmund (D:3)
  An ogre (D:2)
  4 adders
  A dart slug (D:1)
  6 ball pythons
  2 endoplasms (D:1)
  3 giant cockroaches
  4 goblins
  2 hobgoblins (D:1)
  7 jackals
  3 kobolds (D:2)
  3 quokkas (D:1)
  2 bats (D:1)
  2 rats
41 creatures vanquished.

Notes
Turn   | Place    | Note
-------+----------+-------------------------------------------
     0 | D:1      | siradein the Vampire Brigand began the quest for the Orb.
     0 | D:1      | Reached XP level 1. HP: 16/16 MP: 1/1
   190 | D:1      | Reached skill level 3 in Short Blades
   238 | D:1      | Reached XP level 2. HP: 22/22 MP: 2/2
   560 | D:1      | Found Zoyph's Distillery.
   711 | D:2      | Reached skill level 4 in Short Blades
   711 | D:2      | Gained mutation: You are afflicted with vampirism and can
                  | become a bat while bloodless. [Vampire growth]
   711 | D:2      | Reached XP level 3. HP: 27/27 MP: 3/3
   718 | D:2      | Noticed an ogre
  1277 | D:2      | Killed an ogre
  1278 | D:2      | Reached skill level 5 in Short Blades
  1278 | D:2      | Reached XP level 4. HP: 33/33 MP: 4/4
  1278 | D:2      | Reached XP level 5. HP: 38/38 MP: 5/5
  1450 | D:2      | Reached skill level 6 in Short Blades
  1600 | D:2      | Found a faded altar of an unknown god.
  1675 | D:3      | Noticed Sigmund
  1692 | D:3      | Killed Sigmund
  1693 | D:3      | Reached skill level 7 in Short Blades
  1693 | D:3      | Reached XP level 6. HP: 39/44 MP: 6/6
  1759 | D:3      | Noticed Terence
  1783 | D:3      | HP: 1/44 [Terence/+0 flail (3)]
  1786 | D:2      | Mangled by Terence

Illustrated notes

Levels and vault maps discovered:
D:1:      dpeg_arrival_snail, layout_loops_ring, serial_shops, shop
D:2:      layout_rooms, shapermc_ecumenical_altar_notcrosses
D:3:      layout_rooms, uniq_sigmund, uniq_grinder, uniq_purgy, uniq_terence

Skill      XL: |  1  2  3  4  5 |
---------------+----------------+-----
Short Blades   | 3 4 5 7 |  7.3
Fighting       | |  1.7
Throwing       | |  1.5
Dodging        | |  1.1
Stealth        | |  5.8

Action                   |  1- 3 |  4- 6 || total
-------------------------+-------+-------++-------
Melee: Dagger            |    76 |    33 ||   109
       Bite              |     6 |     3 ||     9
Throw: Dart              |     8 |     9 ||    17
       Stone             |     5 |     3 ||     8
 Stab: Sleeping          |    14 |     3 ||    17
Armor: Robe              |    17 |     6 ||    23
Dodge: Dodged            |    65 |    16 ||    81

Table legend: (Time is in decaauts)
 A = Elapsed time spent in this place.
 B = Non-inter-level travel time spent in this place.
 C = Inter-level travel time spent in this place.
 D = Time resting spent in this place.
 E = Time spent auto-exploring this place.
 F = Levels seen in this place.
 G = Mean time per level.
                   A        B        C        D        E       F      G
               +--------+--------+--------+--------+--------+-----+--------+
         Total |   1764 |   1709 |     55 |    178 |    998 |   3 |  588.0 |
       Dungeon |   1764 |   1709 |     55 |    178 |    998 |   3 |  588.0 |
               +--------+--------+--------+--------+--------+-----+--------+

Top non-repeatable levels by time:
     D:1: 902 daAuts
     D:2: 737 daAuts
     D:3: 124 daAuts
